 Dungeon Crawl Stone Soup version 0.17.1-2-g5865329 (webtiles) character file.

198 FortyThree the Slasher (level 5, 0/57 HPs)
             Began as an Octopode Berserker on Feb 9, 2016.
             Was a Priest of Trog.
             Slain by an ice beast (8 damage)
             ... on level 3 of the Dungeon.
             The game lasted 00:04:19 (2731 turns).

FortyThree the Slasher (Octopode Berserker)         Turns: 2731, Time: 00:04:20

Health: 0/57       AC:  1    Str: 21    XL:     5   Next: 77%
Magic:  5/5        EV: 13    Int: 12    God:    Trog [***...]
Gold:   139        SH:  0    Dex: 13    Spells: 0 memorised, 4 levels left

rFire  + . .     SeeInvis .     a - +0 falchion
rCold  . . .     Clarity  .     (no shield)
rNeg   + . .     SustAt   .     (helmet restricted)
rPois  .         Gourm    .     d - amulet of warding
rElec  .         Spirit   .     c - ring of protection from fire
rCorr  .         Warding  +     o - +3 ring of intelligence
rMut   .         Stasis   .     (no ring)
MR     .....                    (no ring)
Stlth  ..........               (no ring)
                                (no ring)
                                (no ring)
                                (no ring)

@: berserking, very quick, not resistant to hostile enchantments, extremely
unstealthy
A: almost no armour, amphibious, 8 rings, constrict 8, camouflage 1, gelatinous
body 1
a: Berserk, Trog's Hand, Burn Spellbooks, Renounce Religion


You were on level 3 of the Dungeon.
You worshipped Trog.
Trog was most pleased with you.
You were not hungry.

You visited 1 branch of the dungeon, and saw 3 of its levels.

You collected 139 gold pieces.

Inventory:

Hand Weapons
 a - a +0 falchion (weapon)
Jewellery
 c - a ring of protection from fire (left tentacle)
 d - an amulet of warding (around mantle)
 o - a +3 ring of intelligence (right tentacle)
Scrolls
 f - a scroll of enchant weapon {unknown}
 g - a scroll of identify {unknown}
 j - a scroll of blinking {unknown}
 p - 2 scrolls of amnesia {unknown}
 s - a scroll of magic mapping {unknown}
Potions
 e - 2 potions of agility {unknown}
 h - a potion of resistance {unknown}
 k - a potion of heal wounds {unknown}
 l - a potion of brilliance {unknown}
 n - 2 potions of lignification {unknown}
 q - a potion of mutation {unknown}
Comestibles
 b - 2 bread rations
 i - 2 fruits
 m - a slice of pizza
 r - 2 chunks of flesh


   Skills:
 + Level 4.4 Fighting
 * Level 5.3 Long Blades
 - Level 3.0 Dodging


You had 4 spell levels left.
You didn't know any spells.

Dungeon Overview and Level Annotations

Branches:
Dungeon (3/15)

Altars:
Ashenzari
Fedhas
Gozag
Nemelex Xobeh
Okawaru
Yredelemnul
The Shining One


Innate Abilities, Weirdness & Mutations

You cannot wear most types of armour.
You are amphibious.
You can wear up to eight rings at the same time.
You can use your tentacles to constrict eight enemies at once.
Your skin changes colour to match your surroundings (Stealth).
Your rubbery body absorbs attacks (AC +1).


Message History

The orc priest mumbles some strange prayers to Beogh against you.
Something smites you!
* * * LOW HITPOINT WARNING * * *
A red film seems to cover your vision as you go berserk!
You feel yourself moving faster!
You feel mighty!
You feel somewhat more hungry. The orc priest closely misses you.
You slash the orc priest!
You kill the orc priest!
Trog accepts your kill. The orc hits you.
* * * LOW HITPOINT WARNING * * *
You slash the ice beast!
The ice beast is moderately wounded.
The orc barely misses you.
You completely miss the ice beast. Your squeeze misses the ice beast.
The ice beast is moderately wounded.
The ice beast hits you.
* * * LOW HITPOINT WARNING * * *
The ice beast freezes you!
You die...

...# ...# ...# ..# #..# .Y
#..# Y. #..# ##. #r.# #.....
##..##@.# #.....
o###...##Yo### #.....
..o.....o....## #.....
#......o###..># #.....
#############..).....# #.....
......#####...#...#.## #.....
#...........#...#####
####..... #.###....###.รท..#
#####....##.# ..#
####.....##.#####.....#####.#


You could see an ice beast, 2 orc priests, an orc and a quokka.

Vanquished Creatures
  The ghost of DishwasherDemon the Gusty, a weakling HEAE (D:3)
  An orc priest (D:3)
  7 adders
  A giant gecko (D:1)
  3 orcs (D:3)
  2 ball pythons (D:1)
  8 bats
  11 goblins
  8 hobgoblins
  A jackal (D:1)
  8 kobolds
  2 quokkas (D:3)
  5 giant cockroaches
  4 giant newts
  8 rats
70 creatures vanquished.

Notes
Turn   | Place    | Note
--------------------------------------------------------------
     0 | D:1      | FortyThree the Octopode Berserker began the quest for the Orb.
     0 | D:1      | Reached XP level 1. HP: 16/16 MP: 1/1
   238 | D:1      | Reached XP level 2. HP: 21/21 MP: 2/2
   902 | D:1      | Reached XP level 3. HP: 26/26 MP: 3/3
   994 | D:1      | Reached ** piety under Trog
  1363 | D:2      | Reached skill level 4 in Long Blades
  1431 | D:2      | Found a basalt altar of Yredelemnul.
  1432 | D:2      | Found a sparkling altar of Nemelex Xobeh.
  1859 | D:2      | Reached XP level 4. HP: 30/33 MP: 4/4
  1946 | D:2      | Found a blossoming altar of Fedhas.
  1948 | D:2      | Found an opulent altar of Gozag.
  1949 | D:2      | Found an iron altar of Okawaru.
  2120 | D:2      | Found a shattered altar of Ashenzari.
  2366 | D:3      | Reached *** piety under Trog
  2506 | D:3      | Found a glowing golden altar of the Shining One.
  2508 | D:3      | Reached XP level 5. HP: 31/37 MP: 5/5
  2553 | D:3      | Noticed DishwasherDemon's ghost (weakling HEAE)
  2560 | D:3      | Killed DishwasherDemon's ghost
  2560 | D:3      | Reached skill level 5 in Long Blades
  2709 | D:3      | Noticed an ice beast
  2709 | D:3      | Noticed an ice beast
  2731 | D:3      | Slain by an ice beast

Action                   |  1- 3 |  4- 6 || total
-------------------------+-------+-------++-------
Melee: Falchion          |    76 |    67 ||   143
Invok: Berserk           |       |     2 ||     2
 Stab: Sleeping          |     7 |     3 ||    10
  Eat: Chunk             |     3 |     3 ||     6
       Fruit             |       |     1 ||     1
